 Dungeon Crawl Stone Soup version 0.28-a0-803-g74956062c1 (webtiles) character file.

Game seed: 13267595408995321025

122577 lsdbvsl the Imperceptible (level 16, -3/85 HPs)
             Began as a Spriggan Enchanter on Nov 7, 2021.
             Was the Champion of Dithmenos.
             Shot with a bolt by a naga sharpshooter (17 damage)
             ... on level 3 of the Snake Pit.
             The game lasted 01:23:46 (31141 turns).

lsdbvsl the Imperceptible (Spriggan Enchanter)     Turns: 31141, Time: 01:23:46

Health: -3/85      AC: 20    Str:  9    XL:     16   Next: 35%
Magic:  2/37       EV: 28    Int: 17    God:    Dithmenos [******]
Gold:   1345       SH:  4    Dex: 17    Spells: 35/48 levels left

rFire   . . .      SeeInvis +   H - +4 dagger (elec)
rCold   . . .      Faith    .   (shield restricted)
rNeg    . . .      Spirit   .   x - +5 steam dragon scales
rPois   .          Reflect  .   d - +2 hat
rElec   .          Harm     .   E - +2 cloak {Stlth+}
rCorr   .          Rampage  .   (gloves unavailable)
Will    ++...                   (boots unavailable) Stlth *******+++
                                l - amulet of regeneration
HPRegen 1.24/turn               i - +4 ring of protection
MPRegen 0.25/turn               T - +4 ring of slaying

@: slowed, wreathed by umbra, quick
A: very small, no large weapons, unfitting armour, see invisible, speed 3, large
bone plates 1, sense surroundings 1, shaggy fur 1
a: Renounce Religion, Shadow Step, Shadow Form


You were on level 3 of the Snake Pit.
You worshipped Dithmenos.
Dithmenos was exalted by your worship.
You visited 7 branches of the dungeon, and saw 29 of its levels.
You also visited: Ossuary, Gauntlet and Volcano.

You collected 3194 gold pieces.
You spent 1849 gold pieces at shops.

Inventory:

Hand Weapons
 a - the +8 short sword "Virph" {flame, Str+4 Dex+3 SInv}
   (You found it in a Gauntlet)

   It burns those it strikes, dealing additional fire damage.
   Str:       It affects your strength (+4).
   Dex:       It affects your dexterity (+3).
   SInv:      It lets you see invisible.
 k - a +1 dagger of venom
 H - a +4 dagger of electrocution (weapon)
 N - a +0 quick blade
Missiles
 f - 57 poisoned darts (quivered)
 j - 3 curare-tipped darts
 q - 4 atropa-tipped darts
 r - 2 throwing nets
Armour
 d - a +2 hat (worn)
 x - +5 steam dragon scales (worn)
 E - a +2 cloak of stealth (worn)
 Q - a +2 robe of the Archmagi
Jewellery
 b - a ring of flight
 i - a +4 ring of protection (left hand)
 l - an amulet of regeneration (around neck)
 m - a ring of wizardry
 s - a ring of poison resistance
 B - a ring of protection from cold
 P - a ring of protection from cold
 T - a +4 ring of slaying (right hand)
 U - a +6 ring of intelligence
 V - a +4 ring of protection
Wands
 n - a wand of acid (7)
 t - a wand of polymorph (1)
 u - a wand of flame (74)
 y - a wand of digging (18)
 D - a wand of charming (7)
 F - a wand of iceblast (18)
 M - a wand of mindburst (31)
 S - a wand of paralysis (6)
Scrolls
 c - 5 scrolls of blinking
 g - 9 scrolls of teleportation
 w - 14 scrolls of identify
 z - 2 scrolls of magic mapping
 A - 6 scrolls of amnesia
 I - a scroll of immolation
 J - a scroll of fear
 O - 2 scrolls of enchant armour
 W - 2 scrolls of enchant weapon
Potions
 e - 6 potions of curing
 h - 3 potions of heal wounds
 o - 4 potions of flight
 p - 4 potions of attraction
 v - 5 potions of lignification
 G - 2 potions of ambrosia
 K - 2 potions of mutation
 L - 2 potions of brilliance
 X - a potion of might
Miscellaneous
 R - a lightning rod (3/4)


   Skills:
 + Level 9.8 Fighting
 - Level 10.0 Short Blades
 + Level 15.0 Dodging
 + Level 21.0 Stealth
 + Level 16.6 Spellcasting
 + Level 16.9 Hexes


You had 35 spell levels left.
You knew the following spells:

 Your Spells              Type           Power      Damage    Failure   Level
a - Ensorcelled Hibernat  Hex/Ice        84%        N/A       1%          2
b - Tukima's Dance        Hex            64%        N/A       0%          3
c - Dazzling Flash        Conj/Hex       84%        N/A       1%          3
d - Summon Mana Viper     Hex/Summ       42%        N/A       3%          5

Your spell library contained the following spells:

 Spells                   Type           Power      Damage    Failure   Level
 Slow                     Hex            100%       N/A       0%          1
 Confusing Touch          Hex            64%        N/A       0%          3
 Portal Projectile        Hex/Tloc       84%        N/A       1%          3
 Summon Guardian Golem    Hex/Summ       42%        N/A       1%          3
 Fulminant Prism          Conj/Hex       21%        3d13      1%          4
 Yara's Violent Unravell  Hex/Tmut       21%        3d10      3%          5
 Magic Dart               Conj           56%        1d5       4%          1
 Pain                     Necr           56%        1d6       4%          1
 Call Imp                 Summ           14%        N/A       7%          2
 Passwall                 Tmut/Erth      11%        N/A       7%          2
 Conjure Flame            Conj/Fire      14%        6-21      13%         3
 Ignite Poison            Fire/Tmut/Pois 14%        N/A       13%         3
 Mephitic Cloud           Conj/Pois/Air  14%        N/A       13%         3
 Spider Form              Tmut/Pois      14%        N/A       13%         3
 Iskenderun's Mystic Bla  Conj/Tloc      14%        2d5       41%         4
 Olgreb's Toxic Radiance  Pois           14%        N/A       41%         4
 Sticky Flame             Conj/Fire      14%        2d4       41%         4
 Agony                    Necr           14%        N/A       77%         5
 Blade Hands              Tmut           7%         N/A       77%         5
 Excruciating Wounds      Necr           7%         N/A       77%         5
 Lee's Rapid Deconstruct  Erth           7%         3d7*      77%         5
 Summon Forest            Summ/Tloc      7%         N/A       77%         5
 Eringya's Noxious Bog    Tmut/Pois      7%         N/A       100%        6
 Summon Cactus Giant      Summ           7%         N/A       100%        6
 Orb of Destruction       Conj           7%         9d3       100%        7
 Ozocubu's Refrigeration  Ice            7%         4d6       100%        7
 Spellforged Servitor     Conj/Summ      7%         N/A       100%        7
 Summon Hydra             Summ           7%         N/A       100%        7
 Ignition                 Fire           7%         3d4       100%        8


Dungeon Overview and Level Annotations

Branches:
Dungeon (15/15)            Temple (1/1) D:6            Lair (6/6) D:11
  Swamp (0/4) Lair:3        Snake (3/4) Lair:4        Slime (0/5) Lair:5
    Orc (2/2) D:12            Elf (1/3) Orc:2        Vaults (0/5) D:13
 Depths (1/4) D:15        Ossuary (visited)         Volcano (visited)
Gauntlet (visited)

Altars:
Ashenzari
Cheibriados
Dithmenos
Elyvilon
Fedhas
Gozag
Hepliaklqana
Kikubaaqudgha
Makhleb
Nemelex Xobeh
Okawaru
Qazlal
Ru
Sif Muna
Trog
Uskayaw
Vehumet
Wu Jian
Xom
Yredelemnul
Zin
The Shining One
Beogh
Jiyva

Shops:
D:5 *   Orc:2 **=(

Portals:
Abyss: D:9

Annotations:
D:9 2 transporters, Soborki's ghost, novice MiBe
D:15 3 runed translucent doors, Mueg Pattua's ghost, journeyman GrEE
Lair:6 1 runed translucent door, Orgrimm's ghost, journeyman DEFE
Abyss:1 Crazy Yiuf


Innate Abilities, Weirdness & Mutations

You are very small and have problems with some larger weapons.
You are too small for most types of armour.
You have supernaturally acute eyesight. (SInv)
You cover ground extremely quickly. (Speed+++)
You are partially covered in large bone plates. (SH +4)
You passively map a small area around you.
You are covered in fur. (AC +1)


Message History

* * * LOW HITPOINT WARNING * * *
Unknown command.
Unknown command.
You barely miss the naga sharpshooter.
The naga sharpshooter is moderately wounded.
The naga sharpshooter shoots a bolt.
The bolt closely misses you.
Unknown command.
You barely miss the naga.
The naga is almost dead.
The naga barely misses your +0 battleaxe.
The naga constricts you.
Your +0 battleaxe hits the naga!!
The naga dies!
Dithmenos accepts your kill.
Your +0 battleaxe hits the naga sharpshooter.
Casting: Dazzling Flash (safe; 1% risk of failure)
Confirm with . or Enter, or press ? or * to list all spells.
Aiming: Ensorcelled Hibernation (safe; 1% risk of failure)
Press: ? - help, Shift-Dir - straight line, f - naga sharpshooter
Aim: a naga sharpshooter, wielding a +0 arbalest and quivering bolts (moderately wounded, concentrated venom, umbra, chance to affect: 19%)
The naga sharpshooter resists with almost no effort.
The naga sharpshooter spits poison at you.
The splash of poison misses you.
The naga sharpshooter unwields a +0 arbalest.
The naga sharpshooter wields a +0 scimitar.
The naga sharpshooter hits you with a +0 scimitar!
* * * LOW HITPOINT WARNING * * *
The naga sharpshooter barely misses you.
Your +0 battleaxe hits the naga sharpshooter!
Casting: Ensorcelled Hibernation (safe; 1% risk of failure)
Confirm with . or Enter, or press ? or * to list all spells.
Aiming: Tukima's Dance (safe; 0% risk of failure)
Press: ? - help, Shift-Dir - straight line, f/p - naga sharpshooter
Aim: a naga sharpshooter, wielding a +0 scimitar and quivering bolts (heavily wounded, concentrated venom, catching its breath, ally target, umbra, chance to affect: 28%)
The naga sharpshooter easily resists.
The naga sharpshooter unwields a +0 scimitar.
The naga sharpshooter wields a +0 arbalest.
The naga sharpshooter gestures wildly while chanting.
The naga sharpshooter magically shoots a bolt.
The bolt hits you!
You die...

..>.........# ,*
............##########
#.....†....#.<........
*
##...#).N.##.^.......[
*
#####.†####..........
##.)[..........S..
##.?####(..........
#....##N...........
####....##@###########
.......<...# ⌠
.####....### #.>.## *
#...# , #...# ,
*...### * * ..## ..*


You could see a naga sharpshooter (curare, catching breath, ally target) and a
friendly +0 battleaxe.

Vanquished Creatures
  Rupert (Lair:5)
  Agnes (D:14)
  Kirke (D:14)
  A nagaraja (Snake:2)
  A stone giant (Depths:1)
  2 very ugly things (Depths:1)
  The ghost of Goddom the Grappler, a journeyman TrFi of Cheibriados (Lair:3)
  A red draconian (Volcano)
  An ettin (Orc:1)
  An ettin (shapeshifter) (D:14)
  3 catoblepae
  A boulder beetle (D:14)
  6 hydras
  2 vault guards (D:13)
  4 anacondas
  A salamander tyrant (Snake:2)
  4 naga warriors
  4 ogre magi (Orc:2)
  2 centaur warriors
  A death knight (D:15)
  10 death yaks
  A deep troll shaman (Lair:6)
  22 two-headed ogres
  3 tengu warriors (D:15)
  2 shock serpents
  2 naga sharpshooters
  Nergalle (D:10)
  A lindwurm (Lair:6)
  3 wizards (D:15)
  A wolf spider zombie (D:15)
  A necromancer (D:15)
  5 orc sorcerers
  8 ugly things
  5 salamanders (Snake:2)
  2 mana vipers (Snake:2)
  2 cyclopes (D:12)
  10 black mambas
  11 elephants
  3 guardian serpents
  A gargoyle (D:11)
  5 naga magi
  11 cane toads
  Maurice (D:11)
  3 unseen horrors
  Psyche (D:12)
  4 rime drakes
  3 efreet
  3 centaur skeletons (D:15)
  A kobold demonologist (D:12)
  2 freezing wraiths (D:15)
  9 komodo dragons
  A tengu conjurer (D:15)
  A troll (shapeshifter) (D:13)
  6 trolls
  2 polar bears
  A wolf spider simulacrum (D:15)
  A hornet (D:9)
  3 meliai (D:13)
  13 dream sheep
  15 slime creatures
  Grinder (D:3)
  7 blink frogs
  3 shadows
  45 yaks
  Sigmund (D:3)
  A vampire (D:14)
  5 basilisks
  3 wyverns
  9 humans (D:13)
  3 fire bats (Lair:4)
  A steam dragon (Lair:2)
  3 swamp worms (Lair:3)
  11 nagas
  5 vampire mosquitoes
  An acid dragon (D:9)
  Duvessa (D:4)
  17 water moccasins
  A warg (Orc:1)
  9 orc warriors
  2 black bears (Lair:6)
  2 ice beasts (D:6)
  A hornet zombie (D:9)
  26 ogres
  39 wolves
  4 boggarts (D:14)
  13 centaurs
  2 kobold brigands
  13 bullfrogs
  A gnoll sergeant (D:13)
  Dowan (D:4)
  3 scorpions
  A wyvern skeleton (D:7)
  6 killer bees
  3 electric eels (Lair:6)
  2 howler monkeys
  2 bullfrog zombies
  7 centaur zombies
  3 hounds
  3 jellies
  A human zombie (Ossuary)
  A bullfrog skeleton (D:4)
  9 orc priests
  5 iguanas
  14 orc wizards
  A hell rat (D:11)
  A hound skeleton (D:4)
  2 mummies (Ossuary)
  A howler monkey zombie (D:5)
  8 gnolls
  6 adders
  A white imp (D:7)
  An ufetubus (D:5)
  2 adder skeletons (D:4)
  3 worms
  2 dart slugs
  49 orcs
  8 endoplasms
  5 giant cockroaches
  11 goblins
  11 hobgoblins
  2 jackals (D:5)
  4 quokkas
  5 ball pythons
  8 bats
  4 frilled lizards
  2 goblin zombies (Ossuary)
  7 hobgoblin zombies (Ossuary)
  17 kobolds
  14 kobold zombies (Ossuary)
  8 orc zombies (Ossuary)
  3 rats
  3 rat zombies (Ossuary)
699 creatures vanquished.

Vanquished Creatures (collateral kills)
  A minotaur (Gauntlet)
  Urug (Lair:5)
  A skeletal warrior (D:15)
  A salamander (Snake:2)
  Joseph (D:7)
  A yaktaur (Volcano)
  2 cane toads (Lair:4)
  Maggie (D:7)
  A komodo dragon (Lair:4)
  A polar bear (Lair:3)
  4 yaks
  A human (D:13)
  Grum (D:8)
  3 nagas
  4 orc warriors
  An ogre (D:5)
  3 wolves (Lair:6)
  A gnoll sergeant (D:8)
  3 killer bees (D:9)
  A centaur skeleton (D:6)
  Terence (D:2)
  3 orc wizards
  6 gnolls
  10 orcs
  A kobold (D:8)
54 creatures vanquished.

Vanquished Creatures (others)
  2 humans (D:14)
  15 dancing weapons
  An orc (Orc:1)
  37 fungi
  57 plants
112 creatures vanquished.

Grand Total: 865 creatures vanquished

Notes
Turn   | Place    | Note
-------+----------+-------------------------------------------
     0 | D:1      | lsdbvsl the Spriggan Enchanter began the quest for the Orb.
     0 | D:1      | Reached XP level 1. HP: 9/9 MP: 5/5
   135 | D:1      | Reached XP level 2. HP: 13/13 MP: 6/6
   138 | D:1      | Learned a level 2 spell: Ensorcelled Hibernation
   397 | D:1      | Reached skill level 5 in Stealth
  1387 | D:2      | Reached XP level 3. HP: 10/16 MP: 8/8
  1391 | D:2      | Learned a level 3 spell: Tukima's Dance
  1531 | D:2      | Learned a level 3 spell: Dazzling Flash
  2429 | D:2      | Reached XP level 4. HP: 21/21 MP: 10/10
  2497 | D:2      | Noticed Terence
  2547 | D:2      | Killed Terence
  2903 | D:2      | Found a radiant altar of Vehumet.
  2924 | D:2      | Reached skill level 5 in Hexes
  3601 | D:3      | Reached XP level 5. HP: 18/24 MP: 12/12
  3694 | D:3      | Gained mutation: You are partially covered in large bone
                  | plates. (SH +4) [potion of mutation]
  3694 | D:3      | Gained mutation: You expend magic power (3 MP) to
                  | strengthen your wands. [potion of mutation]
  3694 | D:3      | Gained mutation: You are clumsy. (Dex -2) [potion of
                  | mutation]
  3694 | D:3      | Gained mutation: You are strong-willed. (Will+) [potion of
                  | mutation]
  4332 | D:3      | Found a radiant altar of Vehumet.
  4378 | D:3      | Noticed Sigmund
  4390 | D:3      | Killed Sigmund
  4391 | D:3      | Reached skill level 6 in Stealth
  4391 | D:3      | Reached skill level 5 in Spellcasting
  4391 | D:3      | Reached XP level 6. HP: 28/28 MP: 5/14
  4476 | D:3      | Noticed Grinder
  4509 | D:3      | Killed Grinder
  4510 | D:3      | Reached skill level 7 in Stealth
  4609 | D:3      | Found a runed translucent door.
  4610 | D:3      | Noticed Crazy Yiuf
  4619 | D:3      | Banished Crazy Yiuf
  4620 | D:3      | Reached XP level 7. HP: 31/32 MP: 9/16
  5114 | D:4      | Found a burning altar of Makhleb.
  5115 | D:4      | Found a glowing golden altar of the Shining One.
  5309 | D:4      | Noticed Duvessa
  5315 | D:4      | Noticed Dowan
  5334 | D:4      | Killed Duvessa
  5335 | D:4      | Reached skill level 8 in Stealth
  5343 | D:4      | Killed Dowan
  5716 | D:5      | Entered Level 5 of the Dungeon
  5842 | D:5      | Found Awuerih's General Store.
  5869 | D:5      | Bought 2 potions of heal wounds for 150 gold pieces
  5869 | D:5      | Bought a scroll of identify for 30 gold pieces
  5897 | D:5      | Reached skill level 9 in Stealth
  5902 | D:5      | Reached XP level 8. HP: 36/36 MP: 19/19
  6537 | D:6      | Found a staircase to the Ecumenical Temple.
  6547 | Temple   | Entered the Ecumenical Temple
  6554 | Temple   | Became a worshipper of Dithmenos the Shadowed
  6599 | D:6      | Reached skill level 10 in Stealth
  7031 | D:6      | Found a glowing silver altar of Zin.
  7138 | D:7      | Noticed Joseph
  7203 | D:7      | Killed Joseph
  7204 | D:7      | Reached skill level 11 in Stealth
  7204 | D:7      | Reached XP level 9. HP: 20/39 MP: 12/22
  7369 | D:7      | Reached * piety under Dithmenos
  7508 | D:7      | Noticed Maggie
  7531 | D:7      | Killed Maggie
  7590 | D:7      | Reached skill level 12 in Stealth
  7926 | D:7      | Reached skill level 10 in Hexes
  8070 | D:8      | Noticed Grum
  8130 | D:8      | Found a sand-covered staircase.
  8146 | Ossuary  | Entered an ossuary
  8339 | Ossuary  | Reached ** piety under Dithmenos
  8678 | D:8      | Killed Grum
  8679 | D:8      | Reached skill level 10 in Spellcasting
  8788 | D:8      | Found an iron altar of Okawaru.
  8912 | D:8      | Reached skill level 13 in Stealth
  8930 | D:8      | Reached *** piety under Dithmenos
  9312 | D:8      | Lost mutation: You expend magic power (3 MP) to strengthen
                  | your wands. [potion of mutation]
  9312 | D:8      | Lost mutation: You are strong-willed. (Will+) [potion of
                  | mutation]
  9312 | D:8      | Gained mutation: You are weak. (Str -2) [potion of
                  | mutation]
  9312 | D:8      | Gained mutation: You are somewhat resistant to further
                  | mutation. [potion of mutation]
  9358 | D:8      | Reached XP level 10. HP: 33/44 MP: 25/25
  9538 | D:9      | Found a one-way gate to the infinite horrors of the Abyss.
  9538 | D:9      | Noticed Soborki's ghost (novice MiBe)
  9579 | D:9      | Found a transporter.
  9585 | D:9      | Noticed a toenail golem
  9585 | D:9      | Noticed a skeletal warrior
  9585 | D:9      | Noticed a toenail golem
  9680 | D:9      | Lost mutation: You are weak. (Str -2) [potion of mutation]
  9680 | D:9      | Lost mutation: You are clumsy. (Dex -2) [potion of
                  | mutation]
  9680 | D:9      | Lost mutation: You are somewhat resistant to further
                  | mutation. [potion of mutation]
  9680 | D:9      | Gained mutation: You are covered in fur. (AC +1) [potion of
                  | mutation]
  9680 | D:9      | Gained mutation: You passively map a small area around you.
                  | [potion of mutation]
  9729 | D:9      | Reached skill level 1 in Fighting
  9841 | D:9      | Noticed a two-headed ogre
  9854 | D:9      | Killed a two-headed ogre
 10019 | D:9      | Found a transporter.
 10061 | D:9      | Identified the +3 ring mail of Philately {rF- Dex+10
                  | Stlth+}
 10170 | D:10     | Entered Level 10 of the Dungeon
 10174 | D:10     | Found a white marble altar of Elyvilon.
 10211 | D:10     | Found a basalt altar of Yredelemnul.
 10211 | D:10     | Found a sparkling altar of Nemelex Xobeh.
 10216 | D:10     | Found a bloodstained altar of Trog.
 10216 | D:10     | Found an ancient bone altar of Kikubaaqudgha.
 10217 | D:10     | Found a shimmering altar of Xom.
 10300 | D:10     | Noticed Nergalle
 10306 | D:10     | Killed Nergalle
 10356 | D:10     | Reached skill level 5 in Dodging
 10676 | D:10     | Reached skill level 14 in Stealth
 10835 | D:10     | Noticed a gargoyle
 11299 | D:11     | Reached XP level 11. HP: 52/52 MP: 27/27
 11402 | D:11     | Reached **** piety under Dithmenos
 11523 | D:11     | Noticed a death yak
 11526 | D:11     | Found a staircase to the Lair.
 11527 | D:11     | Noticed a death yak
 11527 | D:11     | Noticed a death yak
 11636 | D:11     | Killed a death yak
 11991 | D:11     | Noticed Maurice
 12091 | D:11     | Killed Maurice
 12329 | D:12     | Reached skill level 5 in Short Blades
 12365 | D:12     | Noticed Psyche
 12421 | D:12     | Killed Psyche
 12631 | D:12     | Found a staircase to the Orcish Mines.
 12640 | D:12     | Noticed a two-headed ogre
 12681 | D:12     | Reached skill level 15 in Stealth
 12820 | D:12     | Killed a two-headed ogre
 13257 | D:12     | Reached XP level 12. HP: 53/58 MP: 7/29
 13993 | D:13     | Noticed a vault guard
 13998 | D:13     | Noticed a vault guard
 14049 | D:13     | Killed a vault guard
 14050 | D:13     | Reached skill level 5 in Fighting
 14060 | D:13     | Killed a vault guard
 14090 | D:13     | Found a gate to the Vaults.
 14215 | D:13     | Reached ***** piety under Dithmenos
 14216 | D:13     | Reached skill level 16 in Stealth
 14471 | D:13     | You fall into a shaft and drop 2 floors!
 14471 | D:15     | Entered Level 15 of the Dungeon
 14541 | D:14     | Noticed Kirke
 14576 | D:14     | Killed Kirke
 14832 | D:13     | Noticed a centaur warrior
 14835 | D:13     | Killed a centaur warrior
 15254 | D:14     | Noticed a two-headed ogre
 15261 | D:14     | Killed a two-headed ogre
 15316 | D:14     | Noticed an ettin
 15320 | D:14     | Killed an ettin
 15453 | D:14     | Noticed Agnes
 15456 | D:14     | Killed Agnes
 15493 | D:14     | Noticed a seven-headed hydra
 15495 | D:14     | Noticed a boulder beetle
 15499 | D:14     | Killed a boulder beetle
 15500 | D:14     | Reached XP level 13. HP: 65/65 MP: 28/31
 15691 | D:15     | Noticed Mueg Pattua's ghost (journeyman GrEE)
 15695 | D:15     | Found a runed translucent gate.
 15695 | D:15     | Found a runed translucent gate.
 15695 | D:15     | Found a runed translucent gate.
 15695 | D:15     | Noticed a tengu reaver
 15697 | D:15     | Noticed a sphinx
 15883 | D:15     | Reached skill level 10 in Dodging
 16630 | D:15     | Reached skill level 17 in Stealth
 17061 | D:15     | Found a staircase to the Depths.
 17209 | Lair:1   | Entered Level 1 of the Lair of Beasts
 17230 | Lair:1   | Learned a level 5 spell: Summon Mana Viper
 19641 | Lair:3   | Found a runed translucent gate.
 19641 | Lair:3   | Found a runed translucent gate.
 19641 | Lair:3   | Found a runed translucent gate.
 19641 | Lair:3   | Noticed Goddom's ghost (journeyman TrFi)
 19650 | Lair:3   | Killed Goddom's ghost
 19745 | Lair:3   | Found a staircase to the Swamp.
 19747 | Lair:3   | Reached XP level 14. HP: 68/72 MP: 28/33
 20127 | Lair:4   | Reached skill level 18 in Stealth
 20624 | Lair:4   | Found a dark tunnel.
 20638 | Volcano  | Entered a volcano
 20696 | Volcano  | Reached skill level 10 in Short Blades
 20747 | Volcano  | Identified the +0 pair of gloves of the Invisible Xenops
                  | {Harm *Slow Will++}
 20867 | Lair:4   | Found a staircase to the Snake Pit.
 21617 | Lair:5   | Noticed Urug
 21643 | Lair:5   | Killed Urug
 21955 | Lair:5   | Reached skill level 15 in Hexes
 21980 | Lair:5   | Noticed Rupert
 22354 | Lair:5   | Found a viscous altar of Jiyva.
 22356 | Lair:5   | Found a staircase to the Slime Pits.
 22424 | Lair:5   | Killed Rupert
 22676 | Lair:5   | Reached ****** piety under Dithmenos
 22677 | Lair:5   | Reached skill level 19 in Stealth
 22874 | Lair:6   | Entered Level 6 of the Lair of Beasts
 22879 | Lair:6   | Found a gate leading to a gauntlet.
 22888 | Gauntlet | Entered a Gauntlet
 22888 | Gauntlet | Found a runed translucent door.
 22888 | Gauntlet | Found a transporter.
 22888 | Gauntlet | Found a runed translucent door.
 22895 | Gauntlet | Found a transporter.
 22897 | Gauntlet | Found a transporter.
 22908 | Gauntlet | Found a transporter.
 22911 | Gauntlet | Found a transporter.
 22922 | Gauntlet | Noticed a reaper
 22928 | Gauntlet | Found a transporter.
 22935 | Gauntlet | Found a transporter.
 22946 | Gauntlet | Found a transporter.
 22954 | Gauntlet | Noticed a quicksilver ooze
 22958 | Gauntlet | Found a transporter.
 22974 | Gauntlet | Found a transporter.
 22986 | Gauntlet | Found a transporter.
 22986 | Gauntlet | Found a transporter.
 23030 | Gauntlet | Found a transporter.
 23044 | Gauntlet | Found a transporter.
 23150 | Gauntlet | Identified the +8 short sword "Virph" {flame, Str+4 Dex+3
                  | SInv}
 23238 | Gauntlet | Identified the -4 hat of Hac Woov {rPois Str-3 Stlth+}
 23284 | Gauntlet | Reached skill level 15 in Spellcasting
 23322 | Gauntlet | Identified the +1 leather armour "Duitz" {Rampage rC+
                  | Dex-4}
 23329 | Gauntlet | Got the Disquisition on Transmutation
 23331 | Gauntlet | Identified the +0 leather armour "Ceely" {rPois Int-3 Dex+2
                  | Stlth+}
 23821 | Lair:6   | Reached XP level 15. HP: 74/77 MP: 35/35
 24728 | Lair:6   | Found a runed translucent door.
 24729 | Lair:6   | Noticed Orgrimm's ghost (journeyman DEFE)
 24986 | Orc:1    | Entered Level 1 of the Orcish Mines
 25526 | Orc:2    | Entered Level 2 of the Orcish Mines
 25729 | Orc:2    | Found a staircase to the Elven Halls.
 26077 | Orc:2    | Found Basud's Weapon Emporium.
 26077 | Orc:2    | Found Cathragh's Jewellery Boutique.
 26078 | Orc:2    | Found Dyfeept's General Store.
 26078 | Orc:2    | Found Bacew's General Store.
 26087 | Orc:2    | Reached skill level 20 in Stealth
 26262 | Orc:2    | Bought a +4 ring of slaying for 1404 gold pieces
 26265 | Orc:2    | Bought a potion of curing for 48 gold pieces
 26265 | Orc:2    | Bought a scroll of blinking for 120 gold pieces
 26266 | Orc:2    | Bought a scroll of blinking for 97 gold pieces
 27284 | Snake:1  | Entered Level 1 of the Snake Pit
 27978 | Snake:1  | Identified a scroll of acquirement
 27985 | Snake:1  | Acquired 939 gold pieces
 28118 | Snake:2  | Reached XP level 16. HP: 84/84 MP: 37/37
 30320 | Depths:1 | Entered Level 1 of the Depths
 30509 | Elf:1    | Entered Level 1 of the Elven Halls
 30914 | Snake:3  | Reached skill level 21 in Stealth
 30925 | Snake:3  | Reached skill level 15 in Dodging
 31141 | Snake:3  | Shot with a bolt by a naga sharpshooter

Illustrated notes

Levels and vault maps discovered:
D:1:      dpeg_arrival_stone_temple_mockup, layout_basic, st_stairs_1,
          minivault_19, minmay_misc_feat_four_crosses, minmay_misc_feat_doors,
          kennysheep_another_room, wad_woods_river_04
D:2:      layout_basic, basic_altar, uniq_terence
D:3:      layout_basic, general_overflow_altar, uniq_sigmund,
          uniq_crazy_yiuf_cottage, uniq_grinder
D:4:      layout_cave_pools, minitemple, uniq_duvessa
D:5:      layout_rooms, serial_shops, nicolae_shop_stone, serial_bayou_pond_c,
          minivault_14, hangedman_decor_clover_reticule
D:6:      layout_loops_ring, mainiacjoe_overflow_alcove_2,
          minmay_temple_entry_mini_moons
D:7:      layout_cave_pools, uniq_maggie, uniq_joseph
D:8:      layout_loops_ring, okawaru_ov_weapons_minmay, enter_ossuary_2,
          uniq_grum
D:9:      layout_roguey, gammafunk_ghost_abyssal_escape
D:10:     layout_long_grid, grunt_temple_overflow_open, uniq_nergalle
D:11:     layout_roguey, dpeg_lair_monsters, uniq_maurice
D:12:     layout_rooms, minmay_orc_entry_temple_small,
          kennysheep_generic_room_15, uniq_psyche
D:13:     layout_roguey, ximxim_vaults_locker_room
D:14:     layout_loops_corners, hangedman_decor_riveting,
          kennysheep_generic_room_10, uniq_kirke, uniq_agnes
D:15:     grunt_enter_depths_magical_seal, layout_loops_corners,
          gammafunk_ghost_split
Temple:   minmay_freezing_vapour_temple
Lair:1:   layout_regular_city, grunt_megastairs_4
Lair:2:   layout_regular_city, serial_bayou_shore_a
Lair:3:   layout_cellular_growth, palyth_hydra_swamp_entry,
          ebering_ghost_rock_garden, serial_bayou_crossing
Lair:4:   layout_regular_city, minmay_snake_entry_spellcaster,
          nicolae_volcano_entry_batcave
Lair:5:   layout_regular_city, slime_altar_1, uniq_rupert, uniq_urug
Lair:6:   grunt_lair_end_beastmaster, layout_gridlike,
          ebering_ghost_inner_flame, gauntlet_entry_generic,
          grunt_forest_large_clearings
Snake:1:  layout_gridlike
Snake:2:  layout_layer_cave
Snake:3:  layout_rooms, basic_altar, ebering_ghost_disaster_area, serial_shops,
          shop, uniq_mara
Orc:1:    layout_caves
Orc:2:    st_orc_ogre_mass, layout_caves
Elf:1:    eino_elf_arrival_customs, layout_geoelf_grid, serial_shops, shop,
          orc_legates
Depths:1: kennysheep_blocky_room, layout_cave_shapes, enter_ziggurat_e,
          grunt_hell_entry_dis_old, minmay_hidden_floor, minmay_shop_grove

Skill      XL: |  1  2  3  4  5  6  7  8  9 10 11 12 13 14 15 16 |
---------------+-------------------------------------------------+-----
Hexes          | 4 5 6 7 9 10 11 12 13 14 15 16 | 16.9
Stealth        | 5 6 7 9 11 13 14 15 16 17 19 20 21 | 21.0
Spellcasting   | 3 4 5 6 8 10 11 12 13 14 15 16 | 16.6
Dodging        | 3 5 7 9 11 12 14 15 | 15.0
Short Blades   | 4 6 8 9 10 | 10.0
Fighting       | 3 4 5 7 8 9 |  9.8

Action                   |  1- 3 |  4- 6 |  7- 9 | 10-12 | 13-15 | 16-18 || total
-------------------------+-------+-------+-------+-------+-------+-------++-------
Melee: Dagger            |   159 |   184 |   649 |   659 |  1389 |   152 ||  3192
       Short sword       |       |       |       |   292 |       |       ||   292
 Cast: Ensorcelled Hiber |    12 |    14 |    61 |   104 |   125 |    53 ||   369
       Tukima's Dance    |       |    18 |    26 |    20 |    55 |    27 ||   146
       Dazzling Flash    |       |     2 |     1 |     9 |    12 |     4 ||    28
       Summon Mana Viper |       |       |       |       |    14 |       ||    14
Invok: Shadow Step       |       |       |       |     3 |     6 |     4 ||    13
Evoke: Wand              |       |       |       |     6 |    30 |     1 ||    37
       Lightning rod     |       |       |       |       |     2 |     4 ||     6
  Use: Scroll            |     5 |     2 |    10 |    12 |    11 |     2 ||    42
       Potion            |     1 |     1 |     7 |     7 |     5 |     8 ||    29
 Stab: Sleeping          |    17 |    13 |    52 |    82 |   158 |    22 ||   344
       Distracted        |       |     2 |     2 |     4 |    13 |     2 ||    23
       Invisible         |       |     1 |     3 |     2 |    12 |       ||    18
Armor: Robe              |    14 |    35 |    83 |       |       |       ||   132
       Steam dragon scal |       |       |    91 |   251 |   187 |    24 ||   553
       Skin              |       |       |       |    57 |       |       ||    57
Dodge: Dodged            |    83 |   144 |   541 |   840 |  1102 |   184 ||  2894
Block: Other             |       |    17 |   117 |   133 |   161 |    27 ||   455

Table legend: (Time is in decaauts)
 A = Elapsed time spent in this place.
 B = Non-inter-level travel time spent in this place.
 C = Inter-level travel time spent in this place.
 D = Time resting spent in this place.
 E = Time spent auto-exploring this place.
 F = Levels seen in this place.
 G = Mean time per level.
                   A        B        C        D        E       F      G
               +--------+--------+--------+--------+--------+-----+--------+
         Total |  22307 |  20994 |   1313 |   2662 |  12386 |  32 |  697.1 |
       Dungeon |  13006 |  12207 |    799 |   1606 |   7172 |  15 |  867.1 |
        Temple |      8 |      5 |      3 |      0 |      0 |   1 |    8.0 |
          Lair |   4855 |   4550 |    305 |     73 |   3096 |   6 |  809.2 |
     Snake Pit |   2158 |   2020 |    138 |    382 |   1247 |   3 |  719.3 |
  Orcish Mines |   1325 |   1261 |     64 |    315 |    667 |   2 |  662.5 |
   Elven Halls |    123 |    123 |      0 |    100 |      0 |   1 |  123.0 |
        Depths |     15 |     15 |      0 |      0 |      0 |   1 |   15.0 |
       Ossuary |    408 |    408 |      0 |    165 |      8 |   1 |  408.0 |
       Volcano |    120 |    120 |      0 |      0 |     68 |   1 |  120.0 |
      Gauntlet |    285 |    285 |      0 |     19 |    125 |   1 |  285.0 |
               +--------+--------+--------+--------+--------+-----+--------+

Top non-repeatable levels by time:
     D:2: 1829 daAuts
 Snake:2: 1531 daAuts
     D:3: 1204 daAuts
    D:12: 1186 daAuts
    D:15: 1115 daAuts
    D:11: 1000 daAuts
     D:1: 999 daAuts
    D:14: 995 daAuts
  Lair:6: 963 daAuts
  Lair:4: 956 daAuts
  Lair:5: 846 daAuts
  Lair:3: 807 daAuts
   Orc:2: 791 daAuts
    D:13: 775 daAuts
     D:7: 752 daAuts
